 Dungeon Crawl Stone Soup version 0.30-a0-591-g3c58d2bc28 (webtiles) character file.

Game seed: 13149712011572259114

3211 omnomnOMINOUS the Trooper (level 8, 0/57 HPs)
             Began as an Octopode Wanderer on Jan 5, 2023.
             Was a High Priest of Ru.
             Slain by an orc priest
             ... wielding a +1 whip of venom
              (4 damage)
             ... on level 7 of the Dungeon.
             The game lasted 00:16:56 (6286 turns).

omnomnOMINOUS the Trooper (Octopode Wanderer)       Turns: 6286, Time: 00:16:56

Health: 0/57       AC:  1    Str:  9    XL:     8   Next: 97%
Magic:  10/15      EV: 14    Int: 20    God:    Ru [*****.]
Gold:   569        SH:  6    Dex: 12    Spells: 16/17 levels left

rFire   + . .      SeeInvis .    a - +2 spear (freeze)
rCold   + . .      Faith    .    b - +1 buckler
rNeg    . . .      Spirit   .    (helmet restricted)
rPois   .          Reflect  .    A - amulet of the acrobat
rElec   .          Harm     .    t - ring of resist corrosion
rCorr   +          Rampage  .    h - ring of protection from fire
Will    .....                    D - ring of protection from cold
Stlth   ++                       (no ring)
HPRegen 0.29/turn                (no ring)
MPRegen 0.14/turn                (no ring)
                                 (no ring)
                                 (no ring)

@: exhausted
A: almost no armour, amphibious, 8 rings, camouflage 1, gelatinous body 1,
inability to use devices, unskilled 1, inexperienced 1, (nimble swimmer 1),
tentacles
a: Renounce Religion, Draw Out Power, Power Leap, Apocalypse


You were on level 7 of the Dungeon.
You worshipped Ru.
Ru was extremely pleased with you.
You visited 1 branch of the dungeon, and saw 8 of its levels.
You also visited: Ossuary and Bailey.

You collected 569 gold pieces.

Inventory:

Hand Weapons
 a - a +2 spear of freezing (weapon)
 u - a +2 sling of flaming
 F - a +3 long sword
 G - a +4 dagger
Missiles
 m - 11 curare-tipped darts (quivered)
 E - 10 atropa-tipped darts
Armour
 b - a +1 buckler (worn)
Jewellery
 h - a ring of protection from fire (right tentacle)
 t - a ring of resist corrosion (left tentacle)
 A - an amulet of the acrobat (around mantle)
 D - a ring of protection from cold (on tentacle)
Wands
 x - a wand of flame (21)
Scrolls
 c - 2 scrolls of fear
 d - a scroll of teleportation
 i - 3 scrolls of fog
 j - 5 scrolls of blinking
 o - a scroll of silence {unknown}
 p - 2 scrolls of enchant armour
 q - a scroll of immolation {unknown}
 y - a scroll of amnesia
 z - a scroll of noise {unknown}
Potions
 e - 3 potions of haste {unknown}
 f - 3 potions of curing
 g - a potion of magic {unknown}
 k - a potion of resistance {unknown}
 l - 2 potions of invisibility
 n - a potion of might
 r - 2 potions of berserk rage {unknown}
 s - 6 potions of flight
 v - 2 potions of heal wounds
 w - 3 potions of mutation {unknown}
 B - 3 potions of brilliance {unknown}
 C - a potion of lignification {unknown}


   Skills:
 + Level 6.0 Fighting
 - Level 2.6 Short Blades
 + Level 5.1 Polearms
 + Level 5.2 Dodging
 - Level 5.0 Shields
 + Level 5.0 Spellcasting
 + Level 3.4 Conjurations
 - Level 1.7 Transmutations


You had 16 spell levels left.
You knew the following spells:

 Your Spells              Type           Power      Damage    Failure   Level
b - Magic Dart            Conj           72%        1d6       3%          1

Your spell library contained the following spells:

 Spells                   Type           Power      Damage    Failure   Level
 Beastly Appendage        Tmut           24%        N/A       7%          1
 Wereblood                Tmut           12%        N/A       11%         2
 Call Imp                 Summ           5%         N/A       22%         2
 Mephitic Cloud           Conj/Pois/Air  9%         N/A       28%         3
 Spider Form              Tmut/Pois      8%         N/A       30%         3
 Inner Flame              Hex/Fire       5%         N/A       41%         3
 Flame Wave               Conj/Fire      11%        2d6       58%         4
 Sticky Flame             Conj/Fire      11%        2d3       58%         4


Dungeon Overview and Level Annotations

Branches:
Dungeon (8/15)             Temple (0/1) D:6         Ossuary (visited)
 Bailey (visited)
   Lair: D:8-11

Altars:
Elyvilon
Hepliaklqana
Ru
Vehumet
Wu Jian

Annotations:
D:3 3 runed translucent doors, GiantSquids's ghost, amateur OpTm; TrayleKats's ghost, amateur NaWr; lotum's ghost, amateur DrAE; sigtrap's ghost, weakling SpBr; yumyumyeen's ghost, amateur MfGl


Innate Abilities, Weirdness & Mutations

You cannot wear most types of armour.
You are amphibious.
You can wear up to eight rings at the same time.
Your skin changes colour to match your surroundings (Stealth+).
Your rubbery body absorbs attacks. (AC +1, EV +1)
You cannot study or use magical devices.
You are somewhat unskilled. (-1 Apt)
You are somewhat inexperienced. (-1 XL)
((You are camouflaged when in or above water. (Stealth+)))
You have tentacles for arms and can constrict up to eight enemies at once.


Message History

You squeeze the orc priest.
The orc priest is moderately wounded.
You constrict the orc priest, but do no damage.
The orc priest misses you.
Unknown command.
Aiming: Power Leap
Press: ? - help, Dir - move target, f - orc warrior
Aim: an orc warrior, wielding a +0 dire flail and wearing a +0 plate armour You can't leap on top of the monster!
Aiming: Power Leap
Press: ? - help, Dir - move target, p - orc warrior
Found a stone staircase leading down.
You kill the orc priest! x2
The orc priest begins to pray, but is stunned by your conviction!
The orc warrior hits you with a +0 dire flail!
Your Spellcasting skill increases to level 5!
Unknown command.
You barely miss the orc warrior. Your grab misses the orc warrior.
The orc warrior is almost dead.
You block the water moccasin's attack. The orc warrior barely misses you.
The water moccasin bites you.
You are poisoned.
The water moccasin poisons you!
You hit the orc warrior but do no damage.
You grab the orc warrior.
The orc warrior is almost dead.
You constrict the orc warrior, but do no damage.
You feel very sick.
The orc warrior hits you with a +0 dire flail!!
The orc completely misses you.
The orc priest begins to pray, but is stunned by your conviction!
You block the water moccasin's attack.
Unknown command.
You feel better.
You constrict the orc warrior, but do no damage.
You block the water moccasin's attack. You block the orc's attack.
The orc warrior hits you with a +0 dire flail!!
* * * LOW HITPOINT WARNING * * *
The orc priest hits you with a +1 whip of venom.
You die...

#.#.......# ####.##.#.~~~≈~≈~..#
#.#.###)### #.##............#
.....#)# ###.###########.#.#
###.#.#.#######.............#...#
......)........>.. #.........###
###.#.#########.#####.#####.###
..#.#.# ####..<........#.#
....#.# #...Soo###.###.#.#
....#.# #....@o# #... #.# #.#.#.#
# #......# ##### #.#
#'#+#............... #.# .....##
............. #.# .....#
####.........+ #.# .....#
###.......# .....# #.......+
..#+## #.......# ###


You could see an orc warrior, a water moccasin, an orc priest and an orc.

Vanquished Creatures
  An orc knight (Bailey)
  A water moccasin (D:5)
  A black bear (D:6)
  6 orc warriors (Bailey)
  2 ogres (D:5)
  A centaur (D:7)
  7 kobold brigands
  A gnoll sergeant (D:6)
  3 water moccasin zombies (Ossuary)
  4 scorpions
  A wight (D:8)
  2 howler monkeys
  2 hounds
  5 orc priests
  4 jellies
  3 iguanas
  An orc wizard (D:5)
  3 mummies
  5 gnolls (D:6)
  8 adders
  A shadow imp (D:6)
  A white imp (D:8)
  An ufetubus (D:7)
  3 adder zombies (Ossuary)
  4 worms
  A dart slug (D:1)
  16 orcs
  7 ball pythons
  3 bats
  14 endoplasms
  5 giant cockroaches
  7 goblins
  4 hobgoblins
  4 jackals (D:1)
  2 quokkas
  4 frilled lizards (D:1)
  6 gnoll zombies (Ossuary)
  5 hobgoblin zombies (Ossuary)
  17 kobolds
  5 kobold zombies (Ossuary)
  2 orc zombies (Ossuary)
  7 rats
180 creatures vanquished.

Vanquished Creatures (others)
  A goblin (D:7)
  A kobold (D:7)
  58 plants (D:7)
60 creatures vanquished.

Grand Total: 240 creatures vanquished

Notes
Turn   | Place    | Note
-------+----------+-------------------------------------------
     0 | D:1      | omnomnOMINOUS the Octopode Wanderer began the quest for the
                  | Orb.
     0 | D:1      | omnomnOMINOUS set off with the following items: a +2 short
                  | sword, a +0 buckler, a scroll of fear; and the following
                  | spell memorised: Beastly Appendage; and the following
                  | spells available to memorise: Spider Form.
     0 | D:1      | Reached XP level 1. HP: 16/16 MP: 2/2
    31 | D:1      | Reached XP level 2. HP: 19/21 MP: 3/3
   182 | D:1      | Reached skill level 1 in Dodging
   216 | D:1      | Reached XP level 3. HP: 26/26 MP: 5/5
   627 | D:2      | Found a faded altar of an unknown god.
   638 | D:2      | Prayed at the altar of an unknown god.
   638 | D:2      | Became a worshipper of Ru the Awakened
   654 | D:2      | Gained mutation: You are somewhat unskilled. (-1 Apt) [Ru
                  | sacrifice]
   654 | D:2      | Reduced skill Transmutations to level 1
   654 | D:2      | Reached * piety under Ru
   998 | D:2      | Found a white marble altar of Elyvilon.
  1110 | D:3      | Reached XP level 4. HP: 31/31 MP: 6/6
  1451 | D:3      | Found a runed translucent gate.
  1451 | D:3      | Found a runed translucent gate.
  1451 | D:3      | Found a runed translucent gate.
  1451 | D:3      | Noticed sigtrap's ghost (weakling SpBr)
  1454 | D:3      | Noticed lotum's ghost (amateur DrAE)
  1454 | D:3      | Noticed GiantSquids's ghost (amateur OpTm)
  1454 | D:3      | Noticed TrayleKats's ghost (amateur NaWr)
  1454 | D:3      | Noticed yumyumyeen's ghost (amateur MfGl)
  1595 | D:3      | Found an ornate altar of the Wu Jian Council.
  1701 | D:3      | Reached skill level 1 in Polearms
  2108 | D:4      | Found a sand-covered staircase.
  2116 | D:4      | Reached XP level 5. HP: 12/36 MP: 7/7
  2209 | Ossuary  | Entered an ossuary
  2338 | Ossuary  | Reached XP level 6. HP: 35/42 MP: 9/9
  2610 | D:4      | Gained mutation: You cannot study or use magical devices.
                  | [Ru sacrifice]
  2610 | D:4      | Reached ** piety under Ru
  2610 | D:4      | Reached *** piety under Ru
  3087 | D:5      | Entered Level 5 of the Dungeon
  3114 | D:5      | Reached XP level 7. HP: 47/47 MP: 10/10
  3123 | D:5      | Reached skill level 4 in Fighting
  3750 | D:5      | Reached XP level 8. HP: 54/54 MP: 12/12
  4341 | D:6      | Learned a level 1 spell: Magic Dart
  4484 | D:6      | Found a staircase to the Ecumenical Temple.
  4500 | D:6      | Found a radiant altar of Vehumet.
  4703 | D:6      | Found a hazy altar of Hepliaklqana.
  4754 | D:6      | Reached skill level 5 in Fighting
  4754 | D:6      | Reached skill level 1 in Conjurations
  4991 | D:6      | You fall into a shaft and drop 2 floors!
  5148 | D:7      | Reached XP level 9. HP: 25/59 MP: 13/15
  5438 | D:7      | Gained mutation: You are somewhat inexperienced. (-1 XL)
                  | [Ru sacrifice]
  5438 | D:7      | Reached XP level 8. HP: 55/55 MP: 14/14
  5438 | D:7      | Reached **** piety under Ru
  5438 | D:7      | Reached ***** piety under Ru
  5469 | D:7      | Found a flagged portal.
  5481 | Bailey   | Entered a bailey
  5909 | Bailey   | Noticed an orc knight
  5915 | Bailey   | Reached skill level 5 in Shields
  5926 | Bailey   | Killed an orc knight
  5927 | Bailey   | Reached skill level 5 in Polearms
  5927 | Bailey   | Reached skill level 5 in Dodging
  6076 | Bailey   | Reached skill level 6 in Fighting
  6226 | Bailey   | Found a bloodstained altar of Trog.
  6284 | D:7      | Reached skill level 5 in Spellcasting
  6286 | D:7      | Slain by an orc priest

Illustrated notes

Levels and vault maps discovered:
D:1:      scummos_arrival_simple_crosswalls, layout_rooms,
          corexii_leaking_fountain
D:2:      layout_basic, shapermc_ecumenical_altar_notcrosses, basic_altar,
          nicolae_titane
D:3:      layout_basic, pdpol_wu_jian_five_deadly_venoms,
          gammafunk_ghost_cemetery, minmay_shallow_snake_nest
D:4:      layout_rooms, gup_ossuary_entry_pyramid, serial_co_window_serial,
          co_window_paths_a, co_window_of_opportunity_a, co_window_paths_b,
          co_window_paths_a, co_window_paths_a, co_window_corner_a,
          co_window_paths_c, co_window_broadway_c, co_window_corner_ca,
          co_window_of_opportunity_c, co_window_2corner, co_window_paths_e,
          glass_columns_a, glass_columns_c, glass_columns_c, glass_columns_a
D:5:      layout_basic, minmay_circle_x
D:6:      layout_basic, general_overflow_altar, mainiacjoe_overflow_catwalk,
          minmay_temple_entry_hall
D:7:      kennysheep_kobold_camp, layout_basic, okawaru_altar_gauntlet_db,
          enter_bailey_3, corexii_hall_statues_l,
          chequers_serial_rivers_micro_c, grunt_decor_fettered, chequers_garden,
          dreamdust_wishing_well
D:8:      layout_gridville, nicolae_lava_and_water,
          eino_small_chamber_without_monster, st_stairs_3

Skill      XL: |  1  2  3  4  5  6  7  8 |
---------------+-------------------------+-----
Dodging        | 1 2 3 5 |  5.2
Short Blades   | 2 |  2.6
Transmutations | 1 |  1.7
Polearms       | 1 2 3 5 |  5.1
Shields        | 2 3 5 |  5.0
Spellcasting   | 2 3 5 |  5.0
Fighting       | 4 6 |  6.0
Conjurations   | 3 |  3.4

Action                   |  1- 3 |  4- 6 |  7- 9 || total
-------------------------+-------+-------+-------++-------
Melee: Short sword       |    29 |       |       ||    29
       Tentacles         |    12 |    32 |    69 ||   113
       Constrict         |     7 |    35 |    44 ||    86
       Spear             |    29 |   161 |   331 ||   521
       Punch             |       |     1 |     5 ||     6
Throw: Dart              |       |       |     1 ||     1
Invok: Sacrifice Skill   |     1 |       |       ||     1
       Sacrifice Artific |       |     1 |       ||     1
       Draw Out Power    |       |       |     4 ||     4
       Power Leap        |       |       |     1 ||     1
       Apocalypse        |       |       |     1 ||     1
       Sacrifice Experie |       |       |     1 ||     1
  Use: Scroll            |       |     3 |     5 ||     8
       Potion            |       |     2 |     4 ||     6
 Stab: Sleeping          |     9 |    11 |     7 ||    27
       Paralysed         |       |       |    11 ||    11
       Invisible         |       |       |     4 ||     4
       Distracted        |       |       |     1 ||     1
Armor: Skin              |     1 |     3 |    12 ||    16
Dodge: Dodged            |    14 |    40 |   124 ||   178
Block: Buckler           |     4 |    14 |    50 ||    68

Table legend: (Time is in decaauts)
 A = Elapsed time spent in this place.
 B = Non-inter-level travel time spent in this place.
 C = Inter-level travel time spent in this place.
 D = Time resting spent in this place.
 E = Time spent auto-exploring this place.
 F = Levels seen in this place.
 G = Mean time per level.
                   A        B        C        D        E       F      G
               +--------+--------+--------+--------+--------+-----+--------+
         Total |   6275 |   6149 |    126 |    811 |   3810 |  10 |  627.5 |
       Dungeon |   5226 |   5100 |    126 |    418 |   3511 |   8 |  653.2 |
       Ossuary |    298 |    298 |      0 |     47 |    116 |   1 |  298.0 |
        Bailey |    751 |    751 |      0 |    346 |    183 |   1 |  751.0 |
               +--------+--------+--------+--------+--------+-----+--------+

Top non-repeatable levels by time:
     D:5: 967 daAuts
     D:4: 925 daAuts
     D:3: 919 daAuts
     D:6: 831 daAuts
  Bailey: 751 daAuts
     D:2: 583 daAuts
     D:1: 471 daAuts
     D:7: 450 daAuts
 Ossuary: 298 daAuts
     D:8: 77 daAuts
